 Dungeon Crawl Stone Soup version 0.29-a0-553-g81b289dbe5 (webtiles) character file.

Game seed: 17858597504218821612

4529 DocClef the Covert (level 10, -10/73 HPs)
             Began as a Gnoll Delver on June 7, 2022.
             Was a Priest of Hepliaklqana.
             Mangled by Grum
             ... wielding a -1 halberd
              (17 damage)
             ... on level 8 of the Dungeon.
             The game lasted 00:10:29 (8131 turns).

DocClef the Covert (Gnoll Delver)                   Turns: 8131, Time: 00:10:31

Health: -10/73     AC: 15    Str: 16    XL:     10   Next: 39%
Magic:  17/17      EV: 12    Int:  9    God:    Hepliaklqana [***...]
Gold:   396        SH:  0    Dex: 14    Spells: 19/19 levels left

rFire   . . .      SeeInvis .   r - +2 whip (freeze)
rCold   . . .      Faith    .   h - orb {*Rage}
rNeg    . . .      Spirit   .   q - +4 scale mail
rPois   .          Reflect  .   l - +0 helmet
rElec   .          Harm     .   I - +2 cloak
rCorr   .          Rampage  .   (no gloves)
Will    .....      Rage     20% (no boots)
Stlth   +++.......              o - amulet of magic regeneration
HPRegen 0.22/turn               (no ring)
MPRegen 0.55/turn               (no ring)

@: on berserk cooldown
A: reduced essence, fangs 1, strong nose, distributed training
a: Renounce Religion, Recall Ancestor, Ancestor Identity, Transference


You were on level 8 of the Dungeon.
You worshipped Hepliaklqana.
Hepliaklqana was most pleased with you.
You visited 2 branches of the dungeon, and saw 9 of its levels.

You collected 396 gold pieces.

Inventory:

Hand Weapons
 a - a +0 short sword
 r - a +2 whip of freezing (weapon)
Armour
 h - an orb of wrath (worn)
 l - a +0 helmet (worn)
 q - a +4 scale mail (worn)
 I - a +2 cloak (worn)
Jewellery
 o - an amulet of magic regeneration (around neck)
 J - a ring of fire
Wands
 g - a wand of digging (3)
 y - a wand of charming (6)
 K - a wand of mindburst (9)
Scrolls
 c - 3 scrolls of fog
 d - a scroll of magic mapping
 e - a scroll of fear
 n - 4 scrolls of teleportation
 p - a scroll of amnesia
 s - 2 scrolls of silence
 t - 2 scrolls of blinking {unknown}
 v - a scroll of enchant weapon {unknown}
 A - 3 scrolls of immolation {unknown}
 C - a scroll of noise {unknown}
 E - a scroll of torment {unknown}
 F - a scroll of acquirement {unknown}
 L - a scroll of vulnerability {unknown}
Potions
 b - 2 potions of might
 f - 2 potions of haste
 i - 3 potions of brilliance
 k - a potion of cancellation
 u - 4 potions of curing
 w - 4 potions of attraction
 x - 3 potions of invisibility
 z - 2 potions of lignification
 B - 3 potions of ambrosia
 D - a potion of degeneration
 G - 2 potions of heal wounds
 H - 2 potions of flight {unknown}


   Skills:
 + Level 8.5 Fighting
 + Level 7.0 Short Blades
 + Level 5.2 Long Blades
 + Level 5.2 Axes
 + Level 5.2 Maces & Flails
 + Level 5.2 Polearms
 + Level 5.2 Staves
 + Level 5.2 Slings
 + Level 5.2 Bows
 + Level 5.2 Crossbows
 + Level 5.2 Throwing
 + Level 5.2 Armour
 + Level 7.0 Dodging
 + Level 10.9 Stealth
 + Level 5.2 Shields
 + Level 5.2 Unarmed Combat
 + Level 5.2 Spellcasting
 + Level 4.3 Conjurations
 + Level 4.3 Hexes
 + Level 4.3 Summonings
 + Level 4.3 Necromancy
 + Level 4.3 Translocations
 + Level 4.3 Transmutations
 + Level 4.3 Fire Magic
 + Level 4.3 Ice Magic
 + Level 4.3 Air Magic
 + Level 4.3 Earth Magic
 + Level 4.3 Poison Magic
 + Level 5.7 Invocations
 + Level 5.2 Evocations


You had 19 spell levels left.
You didn't know any spells.
Your spell library contained the following spells:

 Spells                   Type           Power      Damage    Failure   Level
 Sandblast                Erth           20%        2d7       14%         1
 Slow                     Hex            40%        N/A       14%         1
 Ensorcelled Hibernation  Hex/Ice        20%        N/A       21%         2
 Passwall                 Tmut/Erth      8%         N/A       21%         2
 Confusing Touch          Hex            10%        N/A       38%         3
 Ozocubu's Armour         Ice            10%        N/A       38%         3
 Swiftness                Air            10%        N/A       38%         3
 Vampiric Draining        Necr           10%        2d6       38%         3
 Metabolic Englaciation   Hex/Ice        5%         N/A       98%         5
 Simulacrum               Ice/Necr       5%         N/A       100%        6


Dungeon Overview and Level Annotations

Branches:
Dungeon (8/15)             Temple (1/1) D:5
   Lair: D:8-11

Altars:
Cheibriados
Dithmenos
Elyvilon
Fedhas
Hepliaklqana

Annotations:
D:8 Grum


Innate Abilities, Weirdness & Mutations

Your life essence is reduced to manifest your ancestor. (-10% HP)
You have very sharp teeth.
Your uncanny sense of smell can sniff out nearby items.
Your experience applies equally to all skills.


Message History

Leofdaeg hits the wolf with a +0 dagger of draining.
Leofdaeg drains the wolf.
The wolf misses you.
The wolf bites Leofdaeg.
The wolf bites you but does no damage.
Leofdaeg closely misses the wolf.
You closely miss the wolf.
The wolf is severely wounded.
The wolf closely misses you. The wolf bites you!
The wolf completely misses you.
Leofdaeg hits the wolf with a +0 dagger of draining.
Leofdaeg drains the wolf.
Grum barely misses you.
Leofdaeg hits the wolf with a +0 dagger of draining.
You hit the wolf but do no damage.
The wolf is severely wounded.
You feel yourself speed up.
The wolf bites Leofdaeg.
The wolf bites you.
The wolf bites Leofdaeg.
The wolf bites Leofdaeg but does no damage.
Leofdaeg hits the wolf with a +0 dagger of draining!
The wolf bites you!
* * * LOW HITPOINT WARNING * * *
Grum barely misses you.
Leofdaeg hits the wolf with a +0 dagger of draining.
Leofdaeg drains the wolf.
The wolf bites you but does no damage.
The wolf bites Leofdaeg.
Leofdaeg barely misses the wolf.
The wolf barely misses Leofdaeg.
The wolf misses you.
Grum hits you from afar with a -1 halberd!
* * * LOW HITPOINT WARNING * * *
The wolf attacks as you move away! The wolf closely misses you.
The wolf misses Leofdaeg.
The wolf barely misses Leofdaeg.
The wolf bites you.
* * * LOW HITPOINT WARNING * * *
Leofdaeg hits the wolf with a +0 dagger of draining.
Leofdaeg hits the wolf but does no damage.
The wolf misses Leofdaeg.
The wolf bites Leofdaeg but does no damage.
The wolf attacks as you move away! The wolf bites you but does no damage.
The wolf barely misses you.
Leofdaeg points at the wolf and mumbles some strange words.
The wolf appears confused.
The wolf barely misses Leofdaeg.
The wolf bites Leofdaeg but does no damage.
The wolf bites you but does no damage.
Grum hits you from afar with a -1 halberd!
You die...

#.# #########.# .#..
#.......#'#########.#..
#....)......##..........
#...........##..........
#...........##........#
#.....................
#................##.###
#######..>....@h......+
#........h.R..###
#.......##ghh.#
#.......##........
#.......##........ ..
#.......##........ .
#.....####........
...... #....###. #....#


You could see the friendly Leofdaeg the hexer, Grum and 4 wolves.

Vanquished Creatures
  A two-headed ogre (D:6)
  A gargoyle (D:7)
  Grinder (D:6)
  A wyvern (D:8)
  A steam dragon (D:8)
  2 water moccasins
  3 black bears
  An ice beast (D:6)
  2 orc warriors
  3 ogres
  2 centaurs (D:8)
  A phantom (D:5)
  2 kobold brigands (D:7)
  2 bullfrogs (D:7)
  3 scorpions
  2 wights (D:7)
  2 howler monkeys (D:5)
  2 orc priests
  2 jellies
  A hound (D:6)
  Crazy Yiuf (D:5)
  5 iguanas
  An orc wizard (D:3)
  7 adders
  6 gnolls
  2 shadow imps
  An ufetubus (D:5)
  A worm (D:2)
  3 dart slugs
  10 orcs
  3 endoplasms
  2 giant cockroaches
  2 goblins (D:2)
  5 hobgoblins
  9 jackals
  A quokka (D:2)
  10 ball pythons
  9 bats
  3 frilled lizards
  11 kobolds
  7 rats
134 creatures vanquished.

Vanquished Creatures (collateral kills)
  2 ice beasts
  2 sky beasts
  A centaur (D:7)
  A bullfrog (D:6)
  A necrophage (D:6)
  2 wights
  An electric eel (D:6)
  An adder (D:6)
  A white imp (D:7)
  3 orcs
  A bat (D:3)
  A goblin (D:3)
  A hobgoblin (D:3)
  A quokka (D:2)
  A kobold (D:1)
20 creatures vanquished.

Vanquished Creatures (others)
  A hexer (D:8)
  An ancestor (D:3)
  An orc (D:6)
  4 fungi (D:5)
  2 plants
9 creatures vanquished.

Grand Total: 163 creatures vanquished

Notes
Turn   | Place    | Note
-------+----------+-------------------------------------------
     0 | D:5      | Reached skill level 9 in Stealth
     0 | D:5      | DocClef the Gnoll Delver began the quest for the Orb.
     0 | D:5      | Reached XP level 1. HP: 23/23 MP: 1/1
     6 | D:5      | Noticed a howler monkey
    13 | D:5      | Killed a howler monkey
    14 | D:5      | Reached skill level 1 in Invocations
    14 | D:5      | Reached XP level 2. HP: 29/29 MP: 1/3
    14 | D:5      | Reached XP level 3. HP: 35/35 MP: 1/4
    85 | D:5      | Reached skill level 1 in Long Blades
    85 | D:5      | Reached skill level 1 in Axes
    85 | D:5      | Reached skill level 1 in Maces & Flails
    85 | D:5      | Reached skill level 1 in Polearms
    85 | D:5      | Reached skill level 1 in Staves
    85 | D:5      | Reached skill level 1 in Slings
    85 | D:5      | Reached skill level 1 in Bows
    85 | D:5      | Reached skill level 1 in Crossbows
    85 | D:5      | Reached skill level 1 in Throwing
    85 | D:5      | Reached skill level 1 in Armour
    85 | D:5      | Reached skill level 1 in Shields
    85 | D:5      | Reached skill level 1 in Unarmed Combat
    85 | D:5      | Reached skill level 1 in Spellcasting
    85 | D:5      | Reached skill level 1 in Evocations
    85 | D:5      | Reached XP level 4. HP: 41/41 MP: 5/5
   107 | D:5      | Reached skill level 1 in Conjurations
   107 | D:5      | Reached skill level 1 in Hexes
   107 | D:5      | Reached skill level 1 in Summonings
   107 | D:5      | Reached skill level 1 in Necromancy
   107 | D:5      | Reached skill level 1 in Translocations
   107 | D:5      | Reached skill level 1 in Transmutations
   107 | D:5      | Reached skill level 1 in Fire Magic
   107 | D:5      | Reached skill level 1 in Ice Magic
   107 | D:5      | Reached skill level 1 in Air Magic
   107 | D:5      | Reached skill level 1 in Earth Magic
   107 | D:5      | Reached skill level 1 in Poison Magic
   444 | D:5      | Noticed an ogre
   461 | D:5      | Found a staircase to the Ecumenical Temple.
   505 | D:5      | Noticed an ogre
   514 | D:5      | Killed an ogre
   515 | D:5      | Reached XP level 5. HP: 29/47 MP: 5/7
   528 | Temple   | Entered the Ecumenical Temple
   535 | Temple   | Became a worshipper of Hepliaklqana the Forgotten
   691 | D:5      | Noticed a black bear
   692 | D:5      | Noticed a phantom
   704 | D:5      | Killed a phantom
   705 | D:5      | Reached XP level 6. HP: 50/53 MP: 8/8
   713 | D:5      | Killed a black bear
   714 | D:5      | Reached skill level 5 in Short Blades
   714 | D:5      | Reached skill level 5 in Dodging
  1047 | D:5      | Reached XP level 7. HP: 59/59 MP: 10/10
  1632 | D:4      | Reached * piety under Hepliaklqana
  1916 | D:4      | Reached skill level 10 in Stealth
  2323 | D:3      | Found a blossoming altar of Fedhas.
  3613 | D:2      | Reached ** piety under Hepliaklqana
  3614 | D:2      | Remembered your ancestor Leofdaeg as a hexer
  3939 | D:2      | Reached XP level 8. HP: 60/60 MP: 12/12
  4637 | D:1      | You fall into a shaft and drop 1 floor!
  4764 | D:1      | Found a faded altar of an unknown god.
  4767 | D:1      | Got Plato's Disquisition on the Mountains
  5048 | D:5      | Found a runed translucent door.
  5049 | D:5      | Noticed Crazy Yiuf
  5057 | D:5      | Killed Crazy Yiuf
  5388 | D:6      | Noticed Grinder
  5400 | D:6      | Paralysed by Grinder for 3 turns
  5405 | D:6      | Killed Grinder
  5584 | D:6      | Noticed a two-headed ogre
  5591 | D:6      | Reached XP level 9. HP: 64/64 MP: 14/14
  5601 | D:6      | Killed a two-headed ogre
  5972 | D:6      | Reached *** piety under Hepliaklqana
  6550 | D:7      | Reached skill level 5 in Invocations
  6608 | D:7      | Noticed a gargoyle
  6623 | D:7      | Killed a gargoyle
  6732 | D:7      | Reached XP level 10. HP: 42/72 MP: 17/17
  7123 | D:7      | Reached skill level 5 in Long Blades
  7123 | D:7      | Reached skill level 5 in Axes
  7123 | D:7      | Reached skill level 5 in Maces & Flails
  7123 | D:7      | Reached skill level 5 in Polearms
  7123 | D:7      | Reached skill level 5 in Staves
  7123 | D:7      | Reached skill level 5 in Slings
  7123 | D:7      | Reached skill level 5 in Bows
  7123 | D:7      | Reached skill level 5 in Crossbows
  7123 | D:7      | Reached skill level 5 in Throwing
  7123 | D:7      | Reached skill level 5 in Armour
  7123 | D:7      | Reached skill level 5 in Shields
  7123 | D:7      | Reached skill level 5 in Unarmed Combat
  7123 | D:7      | Reached skill level 5 in Spellcasting
  7123 | D:7      | Reached skill level 5 in Evocations
  8117 | D:8      | Noticed Grum
  8131 | D:8      | Mangled by Grum

Illustrated notes

Levels and vault maps discovered:
D:1:      co_arrival_square_in_a_square_in_a_square, layout_basic,
          shapermc_ecumenical_altar_rom_forum, minmay_bisected
D:2:      layout_basic
D:3:      layout_loops_cross, fedhas_ov_isle_minmay
D:4:      layout_basic
D:5:      layout_cave_pools, minmay_temple_entry_overgrown, serial_rivers,
          chequers_serial_rivers_micro_d, chequers_serial_rivers_room_b,
          chequers_serial_rivers_micro_b, chequers_serial_rivers_room_a,
          uniq_crazy_yiuf_cottage
D:6:      nicolae_cairo_tiling_very_big, layout_loops_ring, serial_glass,
          glass_columns_a, glass_columns_a, glass_columns_b, glass_columns_b,
          glass_columns_a, glass_columns_a, glass_columns_a, glass_columns_b,
          glass_columns_b, glass_columns_a, serial_bayou_pond_b, uniq_grinder
D:7:      layout_basic
D:8:      layout_basic, minmay_stone_trees_small, st_stairs_10, uniq_grum
Temple:   nicolae_temple_the_god_donut

Skill      XL: |  1  2  3  4  5  6  7  8  9 10 |
---------------+-------------------------------+-----
Stealth        | 10 | 10.9
Invocations    | 1 2 3 4 5 |  5.7
Long Blades    | 1 2 3 4 5 |  5.2
Axes           | 1 2 3 4 5 |  5.2
Maces & Flails | 1 2 3 4 5 |  5.2
Polearms       | 1 2 3 4 5 |  5.2
Staves         | 1 2 3 4 5 |  5.2
Slings         | 1 2 3 4 5 |  5.2
Bows           | 1 2 3 4 5 |  5.2
Crossbows      | 1 2 3 4 5 |  5.2
Throwing       | 1 2 3 4 5 |  5.2
Armour         | 1 2 3 4 5 |  5.2
Shields        | 1 2 3 4 5 |  5.2
Unarmed Combat | 1 2 3 4 5 |  5.2
Spellcasting   | 1 2 3 4 5 |  5.2
Evocations     | 1 2 3 4 5 |  5.2
Conjurations   | 1 2 3 4 |  4.3
Hexes          | 1 2 3 4 |  4.3
Summonings     | 1 2 3 4 |  4.3
Necromancy     | 1 2 3 4 |  4.3
Translocations | 1 2 3 4 |  4.3
Transmutations | 1 2 3 4 |  4.3
Fire Magic     | 1 2 3 4 |  4.3
Ice Magic      | 1 2 3 4 |  4.3
Air Magic      | 1 2 3 4 |  4.3
Earth Magic    | 1 2 3 4 |  4.3
Poison Magic   | 1 2 3 4 |  4.3
Short Blades   | 5 6 7 |  7.0
Dodging        | 5 6 7 |  7.0
Fighting       | 7 8 |  8.5

Action                   |  1- 3 |  4- 6 |  7- 9 | 10-12 || total
-------------------------+-------+-------+-------+-------++-------
Melee: Short sword       |     3 |    45 |   125 |       ||   173
       Bite              |       |     6 |    39 |    18 ||    63
       Whip              |       |       |   232 |    94 ||   326
Invok: Ancestor Life: He |       |       |     1 |       ||     1
  Use: Scroll            |       |       |       |    14 ||    14
 Stab: Sleeping          |     3 |       |    17 |     3 ||    23
       Confused          |       |       |     7 |       ||     7
       Distracted        |       |       |       |     1 ||     1
Armor: Leather armour    |       |    11 |    16 |       ||    27
       Scale mail        |       |       |   112 |    59 ||   171
Dodge: Dodged            |       |    31 |   186 |    84 ||   301

Table legend: (Time is in decaauts)
 A = Elapsed time spent in this place.
 B = Non-inter-level travel time spent in this place.
 C = Inter-level travel time spent in this place.
 D = Time resting spent in this place.
 E = Time spent auto-exploring this place.
 F = Levels seen in this place.
 G = Mean time per level.
                   A        B        C        D        E       F      G
               +--------+--------+--------+--------+--------+-----+--------+
         Total |   8494 |   8121 |    373 |   2063 |   4812 |   9 |  943.8 |
       Dungeon |   8471 |   8107 |    364 |   2063 |   4812 |   8 | 1058.9 |
        Temple |     22 |     13 |      9 |      0 |      0 |   1 |   22.0 |
               +--------+--------+--------+--------+--------+-----+--------+

Top non-repeatable levels by time:
     D:6: 1351 daAuts
     D:5: 1350 daAuts
     D:2: 1283 daAuts
     D:7: 1178 daAuts
     D:3: 1075 daAuts
     D:4: 1040 daAuts
     D:1: 605 daAuts
     D:8: 585 daAuts
  Temple: 22 daAuts
